AoeStats
← K1llaCapPilla

Arena

509758689Analyzed
4v4 RM · 4d ago on Sep 27, 2026· 61m 27s· 8 players
Game mode
Random Map
Map size
Large (8 player)
Population
200
Speed
Normal
Resources
Standard
Victory
Conquest
Starting age
Dark Age
Ending age
Imperial Age
RankedLock teamsTeams togetherTeam positionsShared explorationLock speedFull tech treeHidden civsTurbo modeCheats
Victory
Defeat
🇺🇸 Sicilians · United States
1488
+12
🇨🇦 Wei · Canada
1473
+13
🇺🇸 Gurjaras · United States
1443
+14
🇦🇷 Aztecs · Argentina
1300
+20
🇨🇦 Shu · Canada
1422
-16
🇨🇳 Burmese · China
1400
-15
🇧🇷 Malians · Brazil
1382
-14
🇦🇷 Goths · Argentina
1376
-14
Im2Good4YoMoma
10:22 Feudal Age
9:29 Loom
12:38 Fletching
13:30 Double-Bit Axe
18:21 Castle Age
23:30 Bow Saw
26:04 Wheelbarrow
25:17 Horse Collar
29:25 Gold Mining
29:58 Heavy Plow
33:40 Imperial Age
32:05 Bodkin Arrow
32:11 Padded Archer Armor
34:03 Hand Cart
34:06 Leather Archer Armor
33:40 Crossbowman
34:26 Thumb Ring
34:23 Bracer
35:26 Chemistry
35:06 Ballistics
35:08 Arbalester
36:16 Conscription
37:46 Bolt Magazine
41:39 Ring Archer Armor
41:42 Siege Engineers
41:48 Masonry
41:19 Treadmill Crane
43:13 Gold Shaft Mining
43:42 Two-Man Saw
42:37 Stone Mining
43:36 Hoardings
42:50 Town Watch
47:56 Forging
47:47 Scale Mail Armor
48:28 Pikeman
49:09 Squires
48:55 Arson
49:19 Coiled Serpent Array
49:21 Halberdier
56:12 Chain Mail Armor
Muniz
10:05 Feudal Age
14:21 Castle Age
14:15 Scale Barding Armor
17:22 Double-Bit Axe
17:24 Horse Collar
19:16 Forging
23:36 Bow Saw
25:04 Loom
25:07 Town Watch
26:01 Wheelbarrow
31:44 Imperial Age
30:05 Bloodlines
29:55 Husbandry
30:18 Gold Mining
30:18 Stone Mining
30:31 Heavy Plow
31:36 Gold Shaft Mining
31:42 Iron Casting
32:44 Chain Barding Armor
32:36 Heavy Camel Rider
36:04 Farimba
43:46 Plate Barding Armor
44:06 Light Cavalry
50:18 Fletching
50:28 Padded Archer Armor
53:30 Cavalier
54:55 Bodkin Arrow
57:32 Chemistry
56:56 Fortified Wall
El Maxo
10:25 Feudal Age
14:43 Castle Age
13:09 Double-Bit Axe
13:35 Horse Collar
14:29 Gold Mining
16:24 Loom
17:39 Wheelbarrow
16:48 Man-at-Arms
17:30 Scale Mail Armor
18:47 Bow Saw
21:01 Chain Mail Armor
22:00 Long Swordsman
23:11 Stone Mining
24:05 Town Watch
30:20 Imperial Age
27:54 Pikeman
28:36 Squires
29:42 Forging
30:34 Two-Handed Swordsman
30:38 Halberdier
34:33 Iron Casting
36:05 Conscription
35:13 Champion
37:06 Perfusion
37:46 Fletching
39:14 Anarchy
帝国老油条
9:32 Feudal Age
12:00 Loom
14:49 Castle Age
13:08 Horse Collar
17:17 Heavy Plow
25:28 Wheelbarrow
28:36 Imperial Age
26:03 Town Watch
27:38 Hand Cart
29:09 Town Patrol
29:09 Gold Mining
29:38 Forging
29:33 Scale Barding Armor
29:06 Elite Battle Elephant
29:47 Husbandry
29:59 Bloodlines
30:36 Pikeman
31:16 Squires
32:12 Iron Casting
31:37 Scale Mail Armor
31:52 Halberdier
33:09 Chain Barding Armor
36:08 Plate Barding Armor
37:22 Blast Furnace
38:45 Howdah
40:12 Chain Mail Armor
40:22 Conscription
47:17 Plate Mail Armor
50:25 Elite Skirmisher
51:08 Padded Archer Armor
52:27 Ballistics
53:08 Chemistry
52:08 Fletching
53:34 Bodkin Arrow
54:42 Bracer
55:15 Treadmill Crane
55:48 Masonry
Eat_Rice
6:36 Loom
9:30 Feudal Age
10:05 Double-Bit Axe
11:40 Fletching
21:55 Castle Age
23:04 Bow Saw
22:48 Horse Collar
24:58 Gold Mining
26:58 Stone Mining
28:09 Gold Shaft Mining
30:50 Wheelbarrow
30:56 Heavy Plow
31:44 Stone Shaft Mining
36:25 Imperial Age
35:56 Scale Mail Armor
36:07 Forging
37:32 Conscription
37:31 Chain Mail Armor
37:56 Crop Rotation
37:45 Pikeman
38:25 Squires
38:05 Elite Serjeant
39:59 Plate Mail Armor
40:35 Bodkin Arrow
40:42 Padded Archer Armor
41:05 Ballistics
41:45 Chemistry
40:42 Elite Skirmisher
42:28 Bracer
42:44 Leather Archer Armor
41:53 Halberdier
44:09 Iron Casting
43:48 Cranequins
46:34 Blast Furnace
57:45 Hand Cart
小三輪司機
10:04 Feudal Age
15:01 Castle Age
13:25 Double-Bit Axe
14:59 Horse Collar
16:29 Bow Saw
17:03 Gold Mining
19:26 Wheelbarrow
20:58 Heavy Plow
22:50 Loom
23:30 Town Watch
23:49 Stone Mining
25:05 Hand Cart
26:55 Gold Shaft Mining
30:56 Imperial Age
28:56 Scale Barding Armor
29:57 Forging
30:08 Chain Barding Armor
30:51 Bloodlines
30:41 Husbandry
31:42 Iron Casting
32:13 Crop Rotation
31:47 Tuntian
32:13 Conscription
31:39 Heavy Hei Guang Cavalry
33:23 Blast Furnace
32:58 Capped Ram
34:50 Ming Guang Armor
44:42 Scale Mail Armor
50:01 Light Cavalry
50:55 Hussar
52:46 Elite Tiger Cavalry
54:05 Fletching
54:16 Padded Archer Armor
54:51 Parthian Tactics
55:30 Bodkin Arrow
55:51 Leather Archer Armor
56:46 Chemistry
56:06 Ballistics
57:41 Bracer
58:12 Ring Archer Armor
K1llaCapPilla
3:19 Loom
11:46 Feudal Age
15:35 Castle Age
14:00 Double-Bit Axe
13:56 Horse Collar
17:27 Wheelbarrow
17:46 Bow Saw
27:23 Imperial Age
26:21 Hand Cart
26:10 Heavy Plow
26:01 Gold Mining
26:02 Stone Mining
27:00 Bloodlines
27:49 Husbandry
27:29 Heavy Camel Rider
29:05 Scale Barding Armor
29:03 Town Watch
30:39 Chemistry
30:09 Forging
30:57 Conscription
31:11 Chain Barding Armor
31:13 Kshatriyas
32:31 Plate Barding Armor
32:43 Frontier Guards
33:53 Iron Casting
33:51 Husbandry
34:21 Padded Archer Armor
35:43 Crop Rotation
35:51 Gold Shaft Mining
35:53 Stone Shaft Mining
36:21 Fletching
36:54 Ballistics
37:09 Bodkin Arrow
41:11 Leather Archer Armor
41:10 Masonry
42:37 Bracer
43:09 Architecture
47:54 Treadmill Crane
48:23 Elite Chakram Thrower
51:36 Coinage
53:44 Scale Mail Armor
53:31 Arson
55:30 Chain Mail Armor
55:25 Elite Shrivamsha Rider
58:56 Plate Mail Armor
seba_aof
12:12 Feudal Age
15:57 Castle Age
14:07 Double-Bit Axe
19:27 Horse Collar
21:36 Wheelbarrow
23:57 Bow Saw
24:06 Town Watch
24:24 Heavy Plow
24:55 Fervor
27:36 Sanctity
29:47 Imperial Age
28:30 Redemption
28:13 Loom
28:05 Man-at-Arms
28:06 Eagle Warrior
28:33 Gambesons
29:13 Hand Cart
28:45 Loom
29:40 Scale Mail Armor
29:02 Long Swordsman
29:42 Squires
30:21 Two-Handed Swordsman
31:33 Block Printing
32:12 Town Patrol
32:56 Chain Mail Armor
33:56 Conscription
35:38 Illumination
36:40 Elite Skirmisher
37:26 Atlatl
37:48 Garland Wars
38:13 Coinage
38:07 Fletching
39:51 Theocracy
39:19 Herbal Medicine
39:10 Pikeman
39:50 Bodkin Arrow
40:27 Plate Mail Armor
40:59 Chemistry
39:41 Treadmill Crane
40:38 Forging
40:29 Padded Archer Armor
41:21 Pikeman
41:28 Champion
43:42 Iron Casting
43:08 Bracer
43:24 Leather Archer Armor
46:05 Coinage
45:26 Gold Mining
46:07 Crop Rotation
47:45 Blast Furnace
47:09 Ballistics
46:56 Siege Engineers
48:49 Banking
53:41 Elite Jaguar Warrior
55:01 Arson
57:35 Crossbowman
57:57 Capped Ram
59:47 Siege Ram
62:24 Gold Shaft Mining
Connection lost

Rejoining the realm…

Still unreachable

The connection could not be restored.

Session expired

The server has moved on; the page needs a fresh start.